 Dungeon Crawl Stone Soup version 0.21.1-1-g345015fe64 (webtiles) character file.

26154 Qlak the Protected (level 12, -4/112 HPs)
             Began as a Deep Dwarf Skald on May 26, 2018.
             Was an Elder of Makhleb.
             Killed from afar by a manticore (14 damage)
             ... with a volley of spikes
             ... on level 14 of the Dungeon on June 2, 2018.
             The game lasted 04:41:03 (18131 turns).

Qlak the Protected (Deep Dwarf Skald)              Turns: 18131, Time: 04:41:04

Health: -4/112     AC: 27    Str: 20    XL:     12   Next: 95%
Magic:  9/9        EV: 11    Int: 13    God:    Makhleb [****..]
Gold:   1498       SH:  0    Dex: 13    Spells: 8/19 levels left

rFire    . . .     SeeInvis .   J - +8 frozen axe "Frostbite" {freezing cloud, *Noise +Fly rC+}
rCold    + + .     Gourm    .   (shield currently unavailable)
rNeg     . . .     Faith    .   A - +5 chain mail
rPois    .         Spirit   .   n - +0 helmet
rElec    .         Reflect  .   P - +2 cloak
rCorr    .         Harm     .   r - +0 pair of gloves
MR       +....     Rnd*Tele +   V - +0 pair of boots
Stlth    ..........             m - amulet of magic regeneration
HPRegen  0.00/turn              j - ring of wizardry
MPRegen  0.36/turn              R - ring of magical power

@: barbed spikes, berserk cooldown, non-regenerating, slowed, very slow
A: damage resistance, heal wounds, rugged brown scales 1, thin metallic scales
1, cold resistance 1, sense surroundings 2, teleportitis 1, no regeneration
a: Heal Wounds, Minor Destruction, Lesser Servant of Makhleb, Major Destruction,
Renounce Religion, Evoke Flight


You were on level 14 of the Dungeon.
You worshipped Makhleb.
Makhleb was greatly pleased with you.
You were not hungry.

You visited 4 branches of the dungeon, and saw 19 of its levels.
You also visited: Ossuary.

You collected 1583 gold pieces.
You spent 85 gold pieces at shops.

Inventory:

Hand Weapons
 p - a +2 mace of protection
 J - the +8 frozen axe "Frostbite" (weapon) {freezing cloud, *Noise +Fly rC+}
   (You found it on level 12 of the Dungeon)

   It has been specially enchanted to freeze those struck by it, causing extra
   injury to most foes and up to half again as much damage against particularly
   susceptible opponents.
   It can also slow down cold-blooded creatures.
   It protects you from cold.
   It lets you fly.
   It may make noises in combat.
 T - a +2 quarterstaff of protection
 Y - a +2 flail of holy wrath
Missiles
 v - 427 stones
 N - 15 tomahawks (quivered)
Armour
 a - +0 ice dragon scales
 f - a +0 troll leather armour
 n - a +0 helmet (worn)
 r - a +0 pair of gloves (worn)
 A - a +5 chain mail (worn)
 I - a +0 large shield
 P - a +2 cloak (worn)
 V - a +0 pair of boots (worn)
 X - +0 ice dragon scales
Magical Staves
 x - an uncursed staff of wizardry
Jewellery
 g - an uncursed amulet of guardian spirit
 h - an uncursed ring of fire
 j - a ring of wizardry (left hand)
 m - an amulet of magic regeneration (around neck)
 o - an uncursed ring of see invisible
 w - an uncursed ring of ice
 D - an uncursed ring of protection from fire
 L - an uncursed ring of poison resistance
 R - a ring of magical power (right hand)
Wands
 s - a wand of clouds (4)
 y - a wand of digging (10)
 C - a wand of acid (2)
 M - a wand of scattershot (4)
 S - a wand of iceblast (2)
 W - a wand of paralysis (2)
 Z - a wand of flame (20)
Scrolls
 l - 3 scrolls of random uselessness
 q - 9 scrolls of remove curse
 t - 5 scrolls of teleportation
 z - 7 scrolls of identify
 B - 5 scrolls of amnesia
 E - a scroll of holy word
 O - 3 scrolls of vulnerability
 Q - a scroll of fog
 U - a scroll of fear
Potions
 u - a potion of lignification
 H - 2 potions of cancellation
Books
 b - a book of Cantrips

   Spells                             Type                      Level
   a - Confusing Touch                Hexes                        1
   b - Animate Skeleton               Necromancy                   1
   c - Summon Small Mammal            Summoning                    1
   d - Apportation                    Translocation                1
 c - a book of Battle

   Spells                             Type                      Level
   a - Infusion                       Charms                       1
   b - Shroud of Golubria             Charms/Translocation         2
   c - Song of Slaying                Charms                       2
   d - Spectral Weapon                Hexes/Charms                 3
   e - Regeneration                   Charms/Necromancy            3
 i - a book of Misfortune

   Spells                             Type                      Level
   a - Confusing Touch                Hexes                        1
   b - Confuse                        Hexes                        3
   c - Gell's Gravitas                Translocation                3
   d - Petrify                        Transmutation/Earth          4
   e - Metabolic Englaciation         Hexes/Ice                    5
   f - Yara's Violent Unravelling     Hexes/Transmutation          5
 F - a book of Frost

   Spells                             Type                      Level
   a - Freeze                         Ice                          1
   b - Throw Frost                    Conjuration/Ice              2
   c - Ozocubu's Armour               Charms/Ice                   3
   d - Throw Icicle                   Conjuration/Ice              4
   e - Summon Ice Beast               Ice/Summoning                4
 G - a book of Geomancy

   Spells                             Type                      Level
   a - Sandblast                      Earth                        1
   b - Passwall                       Transmutation/Earth          2
   c - Stone Arrow                    Conjuration/Earth            3
   d - Petrify                        Transmutation/Earth          4
   e - Lee's Rapid Deconstruction     Earth                        5
 K - a book of Maledictions

   Spells                             Type                      Level
   a - Corona                         Hexes                        1
   b - Ensorcelled Hibernation        Hexes/Ice                    2
   c - Confuse                        Hexes                        3
   d - Tukima's Dance                 Hexes                        3
   e - Dazzling Spray                 Conjuration/Hexes            3
Comestibles
 d - 15 rations
 k - 7 chunks of flesh


   Skills:
 + Level 7.0 Fighting
 - Level 7.8(10.0) Axes
 + Level 9.0(10.1) Maces & Flails
 * Level 10.8 Armour
 * Level 7.3 Dodging
 - Level 0.7 Stealth
 - Level 8.8 Shields
 - Level 4.2 Spellcasting
 - Level 7.1 Charms
 - Level 0.4 Translocations
 * Level 7.6 Invocations


You had 8 spell levels left.
You knew the following spells:

 Your Spells              Type           Power        Failure   Level  Hunger
a - Infusion              Chrm           ###.         3%          1    None
b - Shroud of Golubria    Chrm/Tloc      ##........   17%         2    ##.....
c - Song of Slaying       Chrm           ###.....     4%          2    ##.....
d - Spectral Weapon       Hex/Chrm       ##......     34%         3    ###....
e - Ozocubu's Armour      Chrm/Ice       ##......     34%         3    ###....


Dungeon Overview and Level Annotations

Branches:
Dungeon (14/15)            Temple (1/1) D:7            Lair (2/6) D:11
    Orc (2/2) D:12            Elf (0/3) Orc:2
  Swamp: Lair:2-4    Shoals: Lair:2-4     Snake: Lair:2-4    Spider: Lair:2-4
 Vaults: D:13-14

Altars:
Ashenzari
Cheibriados
Dithmenos
Elyvilon
Fedhas
Gozag
Hepliaklqana
Kikubaaqudgha
Makhleb
Nemelex Xobeh
Okawaru
Qazlal
Ru
Sif Muna
Trog
Uskayaw
Vehumet
Wu Jian
Xom
Yredelemnul
Zin
The Shining One

Shops:
D:6 [   Orc:1 !   Orc:2 ([

Annotations:
D:13 Erolcha
Lair:2 Gastronok


Innate Abilities, Weirdness & Mutations

You are resistant to damage.
You can heal yourself by infusing magical energy.
You passively map the area around you.
You do not regenerate.
You are partially covered in rugged brown scales. (AC +1, +3% HP)
You are partially covered in thin metallic scales. (AC +2)
Your flesh is cold resistant. (rC+)
You are occasionally teleported next to monsters.


Message History

You closely miss the vault guard.
The vault guard is severely wounded.
You hit the gargoyle. You freeze the gargoyle. You slice the ogre mage!!
You freeze the ogre mage!
You kill the ogre mage!
Makhleb accepts your kill.
Your Fighting skill increases to level 7!
Your surroundings suddenly seem different.
You feel a strong urge to attack something.
There is an escape hatch in the floor here.
You feel your anger nearly subside.
You are no longer berserk.
You are exhausted.
You feel yourself slow down.
You slide downwards.
The hatch slams shut behind you.
A hydra and a manticore come into view.
Found 12 gold pieces.
The manticore flicks its tail.
The volley of spikes hits you!
The barbed spikes become lodged in your body.
You die...

,, ,, , ** ,, ,,
, , , * * #### ,
, , , ,, , ,,
....# ,, , ,
###+######....+ ,
, ,
..........D...# ,
, ,
..............# *
,, ,
*,..............#
* , , ,
...H...@##....# ,
, ........# ....#
, , ,.........
....# , , *
.......... ...# ,
,,
,..$...........#,
, * ,
............, , ,
, *#############*
, , , , ,, , + ,
* ,, ,,, ,


You could see an eight-headed hydra and a manticore.

Vanquished Creatures
  The ghost of ImError the Thrower, a journeyman TrHu of Okawaru (D:12)
  A hydra (Lair:1)
  An ice dragon (D:12)
  Erica (D:8)
  An ogre mage (D:13)
  2 centaur warriors (D:13)
  An unseen horror (D:12)
  2 ugly things (D:11)
  2 cyclopes
  A manticore (D:13)
  3 spiny frogs (Lair:1)
  3 rime drakes (D:12)
  6 trolls
  2 hornets
  A polar bear (D:12)
  Grinder (D:3)
  6 hippogriffs
  5 dream sheep
  Sigmund (D:2)
  15 yaks
  2 wyverns (Lair:1)
  A human (D:9)
  A wraith (Ossuary)
  2 basilisks (Lair:1)
  3 hungry ghosts
  Eustachio (D:6)
  Menkaure (D:6)
  2 water moccasins (Lair:1)
  2 porcupines (Lair:1)
  A hornet zombie (D:12)
  The ghost of tobi4572 the Sneak, an amateur SpAs of Gozag (D:5)
  4 sky beasts
  8 orc warriors
  6 black bears
  2 eyes of draining
  3 phantoms
  4 ice beasts
  10 wolves (Lair:1)
  3 ogres
  8 centaurs
  2 crocodiles
  A big kobold (D:6)
  12 bullfrogs
  Blork the orc (D:5)
  A gnoll sergeant (D:5)
  A wyvern zombie (D:13)
  A water moccasin zombie (D:12)
  3 scorpions
  7 wights
  3 howler monkeys
  6 crimson imps
  4 jellies
  A quasit (D:10)
  6 hounds
  3 centaur skeletons
  10 orc priests
  5 iguanas
  Jessica (D:8)
  20 orc wizards
  3 worker ants
  2 mummies
  3 hound skeletons
  4 adders
  17 gnolls
  3 howler monkey skeletons
  A shadow imp (D:4)
  2 oozes
  2 adder skeletons
  An adder zombie (D:5)
  2 worms (D:2)
  A dart slug (D:4)
  5 leopard geckos
  87 orcs
  4 bats
  4 giant cockroaches
  12 goblins
  8 hobgoblins
  13 jackals
  14 kobolds
  6 quokkas
  3 ball pythons
  2 frilled lizards (D:1)
  5 gnoll skeletons (Ossuary)
  A jackal skeleton (D:4)
  5 kobold skeletons (Ossuary)
  15 orc skeletons (Ossuary)
  A quokka skeleton (D:6)
  9 rats
444 creatures vanquished.

Vanquished Creatures (collateral kills)
  A troll (Orc:2)
1 creature vanquished.

Vanquished Creatures (others)
  A sky beast (D:13)
  A spectral weapon (Orc:2)
2 creatures vanquished.

Grand Total: 447 creatures vanquished

Notes
Turn   | Place    | Note
-------+----------+-------------------------------------------
     0 | D:1      | Qlak the Deep Dwarf Skald began the quest for the Orb.
     0 | D:1      | Reached XP level 1. HP: 19/19 MP: 3/3
   153 | D:1      | Reached XP level 2. HP: 20/26 MP: 4/4
   983 | D:2      | Reached XP level 3. HP: 20/32 MP: 6/6
  1463 | D:2      | Found a radiant altar of Vehumet.
  1646 | D:2      | Reached XP level 4. HP: 33/39 MP: 7/7
  1825 | D:2      | Noticed Sigmund
  1906 | D:2      | Killed Sigmund
  1906 | D:2      | Reached skill level 3 in Armour
  1906 | D:2      | Reached XP level 5. HP: 21/46 MP: 6/8
  2077 | D:2      | Found a shimmering altar of Xom.
  2083 | D:2      | Found a shimmering altar of Xom.
  2084 | D:2      | Found a shimmering altar of Xom.
  2166 | D:2      | Learned a level 2 spell: Shroud of Golubria
  2562 | D:3      | Noticed Grinder
  3196 | D:3      | Reached XP level 6. HP: 47/55 MP: 9/9
  3281 | D:3      | Killed Grinder
  3473 | D:3      | Reached XP level 7. HP: 19/61 MP: 11/11
  3748 | D:4      | Reached skill level 1 in Shields
  3850 | D:4      | Learned a level 2 spell: Shroud of Golubria
  4026 | D:4      | Reached skill level 4 in Armour
  4095 | D:4      | Reached skill level 5 in Axes
  4202 | D:4      | Found an iron altar of Okawaru.
  4356 | D:4      | Reached XP level 8. HP: 27/69 MP: 12/12
  4398 | D:5      | Entered Level 5 of the Dungeon
  4415 | D:5      | Noticed Blork the orc
  4433 | D:5      | Killed Blork the orc
  4478 | D:5      | Noticed tobi4572's ghost (amateur SpAs)
  4498 | D:5      | Found a sand-covered staircase.
  4509 | Ossuary  | Entered an ossuary
  4875 | D:5      | Killed tobi4572's ghost
  5207 | D:5      | Gained mutation: You are frail. (-10% HP) [potion of mutation]
  5207 | D:5      | Lost mutation: You are frail. (-10% HP) [potion of mutation]
  5207 | D:5      | Gained mutation: You are robust. (+10% HP) [potion of mutation]
  5884 | D:6      | Noticed Menkaure
  5888 | D:6      | Reached skill level 5 in Armour
  5942 | D:6      | Killed Menkaure
  5942 | D:6      | Gained mutation: You passively map the area around you. [Deep Dwarf growth]
  5942 | D:6      | Reached XP level 9. HP: 42/85 MP: 11/11
  6215 | D:6      | Noticed Eustachio
  6227 | D:6      | Reached skill level 1 in Maces & Flails
  6270 | D:6      | Killed Eustachio
  7151 | D:6      | Found Veaces's Antique Armour Shop.
  7159 | D:6      | Bought a large shield for 85 gold pieces
  7473 | D:7      | Reached skill level 5 in Charms
  7510 | D:7      | Found a burning altar of Makhleb.
  7513 | D:7      | Became a worshipper of Makhleb the Destroyer
  7579 | D:7      | Found a staircase to the Ecumenical Temple.
  7584 | Temple   | Entered the Ecumenical Temple
  7933 | D:7      | Found a shattered altar of Ashenzari.
  7952 | D:7      | Reached skill level 6 in Armour
  7977 | D:7      | Learned a level 2 spell: Song of Slaying
  8139 | D:7      | Found a stormy altar of Qazlal.
  8583 | D:8      | Reached skill level 5 in Dodging
  8649 | D:8      | Noticed Erica
  8726 | D:8      | Reached skill level 5 in Shields
  8726 | D:8      | Reached XP level 10. HP: 54/95 MP: 11/11
  8868 | D:8      | Reached * piety under Makhleb
  8967 | D:8      | Killed Erica
  8967 | D:8      | Reached skill level 5 in Maces & Flails
  8967 | D:8      | Reached skill level 7 in Armour
  9289 | D:8      | Found a sparkling altar of Nemelex Xobeh.
  9291 | D:8      | Noticed Jessica
  9294 | D:8      | Killed Jessica
  9860 | D:9      | Reached skill level 5 in Fighting
 11645 | D:9      | Got a smoking ring mail
 11904 | D:9      | Lost mutation: You are robust. (+10% HP) [potion of mutation]
 11904 | D:9      | Gained mutation: Your muscles are strong. (Str +2) [potion of mutation]
 11904 | D:9      | Gained mutation: You are clumsy. (Dex -2) [potion of mutation]
 11904 | D:9      | Gained mutation: You are partially covered in thin metallic scales. (AC +2) [potion of mutation]
 11910 | D:10     | Entered Level 10 of the Dungeon
 12276 | D:9      | Reached ** piety under Makhleb
 12367 | D:10     | Reached XP level 11. HP: 64/96 MP: 2/11
 12803 | D:10     | Found a deep blue altar of Sif Muna.
 13020 | D:11     | Reached skill level 8 in Armour
 13047 | D:11     | Noticed a cyan ugly thing
 13085 | D:11     | Killed a cyan ugly thing
 13085 | D:11     | Reached skill level 1 in Invocations
 13209 | D:11     | Noticed a cyan ugly thing
 13241 | D:11     | Killed a white ugly thing
 13329 | D:11     | Found a staircase to the Lair.
 13794 | D:12     | Found a stormy altar of Qazlal.
 13820 | D:12     | Paralysed by a hornet for 3 turns
 13965 | D:12     | Noticed an unseen horror
 13975 | D:12     | Killed an unseen horror
 14044 | D:12     | Identified a scroll of acquirement
 14150 | D:12     | Reached *** piety under Makhleb
 14183 | D:12     | Noticed ImError's ghost (journeyman TrHu)
 14235 | D:12     | HP: 1/96 [ImError's ghost (47)]
 14277 | D:12     | Killed ImError's ghost
 14733 | D:12     | Found the +8 frozen axe "Frostbite" {freezing cloud, *Noise +Fly rC+}
 14759 | D:12     | Learned a level 3 spell: Spectral Weapon
 14825 | D:12     | Reached skill level 9 in Armour
 14889 | D:12     | Found a staircase to the Orcish Mines.
 14938 | D:12     | Reached skill level 5 in Invocations
 15297 | D:12     | Noticed an ice dragon
 15311 | D:12     | Killed an ice dragon
 15366 | Orc:1    | Entered Level 1 of the Orcish Mines
 15630 | Orc:1    | Found Wuteabeleu's Distillery.
 15652 | Orc:1    | Reached XP level 12. HP: 53/105 MP: 9/9
 15932 | Orc:2    | Entered Level 2 of the Orcish Mines
 15951 | Orc:2    | Found Liraafud's Antique Weapon Shop.
 15952 | Orc:2    | Noticed an orc warlord
 15952 | Orc:2    | Noticed an orc high priest
 15953 | Orc:2    | Found Dasuh's Antique Armour Boutique.
 16069 | Orc:1    | HP: 3/105 [orc knight/glaive of freezing (28)]
 16255 | Lair:1   | Entered Level 1 of the Lair of Beasts
 16381 | Lair:1   | Reached **** piety under Makhleb
 16919 | Lair:1   | Reached skill level 10 in Armour
 16957 | Lair:1   | Lost mutation: Your muscles are strong. (Str +2) [potion of mutation]
 16957 | Lair:1   | Lost mutation: You are clumsy. (Dex -2) [potion of mutation]
 16957 | Lair:1   | Gained mutation: You are partially covered in rugged brown scales. (AC +1, +3% HP) [potion of mutation]
 16957 | Lair:1   | Gained mutation: You are occasionally teleported next to monsters. [potion of mutation]
 16957 | Lair:1   | Gained mutation: Your flesh is cold resistant. (rC+) [potion of mutation]
 17536 | Lair:2   | Noticed a five-headed hydra
 17558 | Lair:1   | Killed a five-headed hydra
 17684 | Lair:2   | Noticed Gastronok
 17975 | D:13     | Noticed a centaur warrior
 17981 | D:13     | Killed a centaur warrior
 18053 | D:13     | Noticed a centaur warrior
 18062 | D:13     | Killed a centaur warrior
 18097 | D:13     | Learned a level 3 spell: Ozocubu's Armour
 18116 | D:13     | Noticed Erolcha
 18116 | D:13     | Noticed an ogre mage
 18116 | D:13     | Noticed a vault guard
 18123 | D:13     | Noticed a vault guard
 18123 | D:13     | Killed an ogre mage
 18128 | D:14     | Noticed an eight-headed hydra
 18131 | D:14     | Killed from afar by a manticore

Skill      XL: |  1  2  3  4  5  6  7  8  9 10 11 12 |
---------------+-------------------------------------+-----
Fighting       | 2 3 4 5 6 7 |  7.0
Spellcasting   | 2 3 4 |  4.2
Axes           | 3 4 5 6 7 |  7.8
Armour         | 3 4 5 6 7 9 10 | 10.8
Dodging        | 3 4 5 7 |  7.3
Shields        | 2 3 5 7 8 |  8.8
Charms         | 3 4 5 6 7 |  7.1
Maces & Flails | 4 6 7 9 |  9.0
Invocations    | 5 7 |  7.6
Stealth        | |  0.7
Translocations | |  0.4

Action                   |  1- 3 |  4- 6 |  7- 9 | 10-12 || total
-------------------------+-------+-------+-------+-------++-------
Melee: Hand axe          |   144 |   183 |   209 |       ||   536
       War axe           |       |       |   226 |       ||   226
       Mace              |       |       |   400 |  1335 ||  1735
       Executioner's axe |       |       |       |   107 ||   107
       Flail             |       |       |       |    23 ||    23
Throw: Javelin           |     4 |     1 |    55 |    37 ||    97
       Stone             |       |       |     3 |    11 ||    14
       Tomahawk          |       |       |       |    13 ||    13
 Cast: Shroud of Golubri |       |     2 |     2 |     2 ||     6
       Infusion          |       |     1 |     7 |     8 ||    16
       Song of Slaying   |       |       |       |     5 ||     5
       Spectral Weapon   |       |       |       |     5 ||     5
Invok: Minor Destruction |       |       |       |    37 ||    37
       Lesser Servant of |       |       |       |     1 ||     1
 Abil: Heal Wounds       |     5 |     7 |    21 |    52 ||    85
Evoke: Wand              |       |       |     1 |    18 ||    19
  Use: Scroll            |     4 |     3 |    12 |    16 ||    35
       Potion            |       |     4 |    11 |    15 ||    30
  Eat: Chunk             |     2 |     3 |    12 |    26 ||    43
       Ration            |       |     1 |     6 |     4 ||    11
Armor: Leather armour    |    50 |    60 |       |       ||   110
       Ring mail         |       |     4 |    56 |       ||    60
       Chain mail        |       |       |   579 |  1007 ||  1586
       Skin              |       |       |     5 |       ||     5
Dodge: Dodged            |   161 |   128 |   331 |   441 ||  1061
Block: Buckler           |       |    10 |       |       ||    10
       Shield            |       |       |   390 |       ||   390
       Large shield      |       |       |   160 |  1340 ||  1500
